 Dungeon Crawl Stone Soup version 0.27-a0-931-g5a74e75d8f (webtiles) character file.

Game seed: 16667173777877336067

159 Alarkh the Insei (level 5, 41/41 HPs)
             Began as a Demonspawn Gladiator on Apr 10, 2021.
             Got out of the dungeon alive.
             The game lasted 00:02:36 (2873 turns).

Alarkh the Insei (Demonspawn Gladiator)             Turns: 2873, Time: 00:02:37

Health: 41/41      AC:  4    Str: 14    XL:     5   Next: 17%
Magic:  5/5        EV: 12    Int: 11    God:
Gold:   60         SH:  0    Dex: 14    Spells: 4/4 levels left

rFire    . . .     SeeInvis .     - Unarmed
rCold    . . .     Faith    .   (no shield)
rNeg     . . .     Spirit   .   a - +0 leather armour
rPois    .         Reflect  .   b - +0 helmet
rElec    .         Harm     .   (no cloak)
rCorr    .         Rampage  .   (no gloves)
Will     .....                  (no boots)
Stlth    +.........             (no amulet)
HPRegen  0.13/turn              (no ring)
MPRegen  0.09/turn              (no ring)

@: no status effects
A: claws 1, powered by pain 1, spiny 1
a: no special abilities


You escaped.
You visited 1 branch of the dungeon, and saw 2 of its levels.

You collected 60 gold pieces.

Inventory:

Missiles
 c - 3 throwing nets (quivered)
 j - 13 poisoned darts
Armour
 a - a +0 leather armour (worn)
 b - a +0 helmet (worn)
Jewellery
 l - a ring of poison resistance
Scrolls
 d - a scroll of identify {unknown}
 e - a scroll of blinking {unknown}
 f - a scroll of amnesia {unknown}
 g - 2 scrolls of teleportation {unknown}
 h - a scroll of torment {unknown}
 i - a scroll of vulnerability {unknown}
 k - a scroll of acquirement {unknown}
Potions
 m - a potion of degeneration {unknown}


   Skills:
 + Level 3.4 Fighting
 - Level 1.7 Throwing
 - Level 2.6 Dodging
 * Level 4.6 Unarmed Combat


You had 4 spell levels left.
You didn't know any spells.
Your spell library was empty.

Dungeon Overview and Level Annotations

Branches:
Dungeon (2/15)

Altars:
Ru

Shops:
D:1 ?


Innate Abilities, Weirdness & Mutations

You have sharp fingernails.
You sometimes gain a little power by taking damage.
You are partially covered in sharp spines.


Message History

No target in view!
No target in view!
No target in view!
You see here a +0 club.
You enter the shallow water.
Moving in this stuff is going to be slow.
A rat comes into view.
A rat is nearby!
A rat is nearby!
A rat is nearby!
The rat twitches its whiskers.
The rat completely misses you.
You claw the rat!
You kill the rat!
No target in view!
No target in view!
No target in view!
No target in view!
No target in view!
No target in view!
No target in view!
No target in view!
Done exploring.
Done exploring.
Done exploring.
(D) Dungeon
Where to? (Enter - D:2 @ (x,y), ? - help)
You enter the shallow water.
Moving in this stuff is going to be slow.
You see here a hobgoblin corpse.
There is a stone staircase leading up here.
You climb upwards.
There is a stone staircase leading down here.
Things that are here:
5 stones; a +0 whip You enter the shallow water.
Moving in this stuff is going to be slow.
There is a staircase leading out of the dungeon here.
Are you sure you want to leave the Dungeon?
This will make you lose the game!
You have escaped!

..>.#
#.#......#.#.#.####.#.
....# #.########.#.#.#
#.#. ....#
##..........#.#.# #.##
....# ##.#.#.#.#.#.#.#.#
#.## ....#
#.#.#.#.#.#.#..#.# #.##
...## ##.#.≈≈≈≈≈.#.#.#.#
#.## ...#
#.#.#≈...≈#.#..#.# #.##
†..##
##.#.≈...≈.#.#.#.####.##
....#
#.#.#≈.@.≈#.#.........##
....#
##.#.≈≈≈≈≈.#.#...######
#...# #.#.#.#.#.#.#....#
##### ##.#.#.#.#.#.#...#
#####.###.###...######
#...........#....#
#########...#.##.##
#......#.(. #####
#...#..#...


There were no monsters in sight!

Vanquished Creatures
  Natasha (thrice) (D:2)
  3 adders (D:2)
  A worm (D:2)
  3 dart slugs (D:2)
  5 bats
  4 endoplasms
  A giant cockroach (D:2)
  4 goblins
  5 hobgoblins
  7 jackals (D:2)
  2 quokkas (D:2)
  3 ball pythons
  A frilled lizard (D:1)
  3 kobolds
  3 rats
48 creatures vanquished.

Notes
Turn   | Place    | Note
-------+----------+-------------------------------------------
     0 | D:1      | Alarkh the Demonspawn Gladiator began the quest for the
                  | Orb.
     0 | D:1      | Reached XP level 1. HP: 16/16 MP: 1/1
   115 | D:1      | Found a faded altar of an unknown god.
   404 | D:1      | Found Goinn's Magic Scroll Shop.
   424 | D:1      | Reached skill level 3 in Unarmed Combat
   515 | D:1      | Gained mutation: You are partially covered in sharp spines.
                  | [demonic ancestry]
   515 | D:1      | Reached XP level 2. HP: 22/22 MP: 2/2
   989 | D:2      | HP: 1/23 [endoplasm/Freeze (5)]
  1310 | D:1      | Gained mutation: You have sharp fingernails. [demonic
                  | ancestry]
  1310 | D:1      | Reached XP level 3. HP: 20/28 MP: 3/3
  1410 | D:2      | Found a sacrificial altar of Ru.
  1532 | D:2      | Noticed Natasha
  1546 | D:2      | Killed Natasha
  1547 | D:2      | Reached skill level 4 in Unarmed Combat
  1547 | D:2      | Reached XP level 4. HP: 13/35 MP: 4/4
  2018 | D:2      | Noticed Natasha
  2226 | D:2      | Killed Natasha
  2306 | D:2      | Noticed Natasha
  2407 | D:2      | Killed Natasha
  2505 | D:2      | Gained mutation: You sometimes gain a little power by
                  | taking damage. [demonic ancestry]
  2505 | D:2      | Reached XP level 5. HP: 40/41 MP: 5/5
  2873 | D:$      | Got out of the dungeon alive.

Illustrated notes

Levels and vault maps discovered:
D:1:      ncdulo_watergridlock, layout_basic, ebering_ecumenical_altar_ruins,
          serial_shops, shop
D:2:      wander_river, layout_basic, basic_altar, nicolae_underground_beach,
          uniq_natasha

Skill      XL: |  1  2  3 |
---------------+----------+-----
Unarmed Combat | 3 4 |  4.6
Fighting       | 3 |  3.4
Throwing       | |  1.7
Dodging        | |  2.6

Action                   |  1- 3 |  4- 6 || total
-------------------------+-------+-------++-------
Melee: Unarmed           |    97 |    36 ||   133
       Punch             |       |     2 ||     2
  Use: Potion            |     1 |       ||     1
 Stab: Sleeping          |     2 |       ||     2
Armor: Leather armour    |    17 |    10 ||    27
Dodge: Dodged            |    55 |    23 ||    78

Table legend: (Time is in decaauts)
 A = Elapsed time spent in this place.
 B = Non-inter-level travel time spent in this place.
 C = Inter-level travel time spent in this place.
 D = Time resting spent in this place.
 E = Time spent auto-exploring this place.
 F = Levels seen in this place.
 G = Mean time per level.
                   A        B        C        D        E       F      G
               +--------+--------+--------+--------+--------+-----+--------+
         Total |   2889 |   2740 |    149 |    913 |   1417 |   2 | 1444.5 |
       Dungeon |   2889 |   2740 |    149 |    913 |   1417 |   2 | 1444.5 |
               +--------+--------+--------+--------+--------+-----+--------+

Top non-repeatable levels by time:
     D:1: 1663 daAuts
     D:2: 1226 daAuts
